 Dungeon Crawl Stone Soup version 0.22.1-1-ga44c0e5 (webtiles) character file.

56 magicm the Skirmisher (level 3, 0/29 HPs)
             Began as a Demonspawn Chaos Knight on Nov 10, 2018.
             Succumbed to an adder's poison
             ... on level 2 of the Dungeon.
             The game lasted 00:05:06 (919 turns).

magicm the Skirmisher (Demonspawn Chaos Knight)      Turns: 919, Time: 00:05:07

Health: 0/29       AC:  5    Str: 12    XL:     3   Next: 69%
Magic:  3/3        EV: 11    Int: 13    God:    Xom [..*...]
Gold:   15         SH:  0    Dex: 13    Spells: 2/2 levels left

rFire    . . .     SeeInvis .   a - +0 falchion (chaos)
rCold    . . .     Gourm    .   (no shield)
rNeg     . . .     Faith    .   b - +2 leather armour
rPois    .         Spirit   .   (helmet restricted)
rElec    .         Reflect  .   (no cloak)
rCorr    .         Harm     .   (no gloves)
MR       .....                  (no boots)
Stlth    +.........             (no amulet)
HPRegen  0.09/turn              (no ring)
MPRegen  0.08/turn              (no ring)

@: lethally poisoned (0 -> -2)
A: antennae 1, claws 1
a: Renounce Religion


You were on level 2 of the Dungeon.
You worshipped Xom.
You were a toy of Xom.
You were not hungry.

You visited 1 branch of the dungeon, and saw 2 of its levels.

You collected 15 gold pieces.

Inventory:

Hand Weapons
 a - a +0 falchion of chaos (weapon)
 f - a cursed -1 mace
Armour
 b - a +2 leather armour (worn)
Scrolls
 e - a scroll of blinking
Comestibles
 c - 5 rations


   Skills:
 + Level 3.6 Fighting
 + Level 3.5 Long Blades
 + Level 2.0 Armour
 + Level 1.1 Dodging
 + Level 0.2 Stealth


You had 2 spell levels left.
You didn't know any spells.
Your spell library was empty.

Dungeon Overview and Level Annotations

Branches:
Dungeon (2/15)

Altars:


Innate Abilities, Weirdness & Mutations

You have a pair of small antennae on your head.
You have sharp fingernails.


Message History

* * * LOW HITPOINT WARNING * * *
You feel sick.
Your bat zombie barely misses the adder.
Your bat zombie closely misses the adder. x2
The adder bites your bat zombie.
Your bat zombie barely misses the adder.
Your bat zombie closely misses the adder.
The adder bites your bat zombie.
Your bat zombie is destroyed!
* * * LOW HITPOINT WARNING * * *
You feel sick.
* * * LOW HITPOINT WARNING * * *
You feel sick. The bat closely misses you.
* * * LOW HITPOINT WARNING * * *
You feel sick. The adder bites you.
* * * LOW HITPOINT WARNING * * *
The adder barely misses you.
You die...
Xom chuckles heartily!

#.#... .# #>..## #g#.##
# .###..#. #...(###
#.#.#.#...### #....g.#
...........Z. ##...#.#
.#.#.#..##### ##.##b# .
#.(..(((.). #.##S#.##
##..#...)).
#.##.#..###..##.#####
#.##@..#.#.#.##.#
#.##.#.......##.#
#...###......##.#####
####)#.#####.........
#######..#####<#..#####
.........(..)...#.# ###
#######<.#####....# #.<
#..# ##.### #.# #..#
### #..


You could see an adder, a hobgoblin and a bat.

Vanquished Creatures
  Robin (D:2)
  A dart slug (D:1)
  13 goblins
  4 hobgoblins
  4 jackals (D:1)
  2 ball pythons
  6 bats
  A frilled lizard (D:1)
  3 kobolds
  3 rats
38 creatures vanquished.

Vanquished Creatures (collateral kills)
  A goblin (D:2)
1 creature vanquished.

Grand Total: 39 creatures vanquished

Notes
Turn   | Place    | Note
-------+----------+-------------------------------------------
     0 | D:1      | magicm the Demonspawn Chaos Knight began the quest for the
                  | Orb.
     0 | D:1      | Reached XP level 1. HP: 18/18 MP: 1/1
    36 | D:1      | XOM: harmless Chrm miscast
    56 | D:1      | XOM: divination: detect items
   108 | D:1      | Gained mutation: You have a pair of small antennae on your
                  | head. [demonic ancestry]
   108 | D:1      | Reached XP level 2. HP: 20/24 MP: 2/2
   286 | D:1      | XOM: harmless Necr miscast
   400 | D:1      | Reached skill level 1 in Dodging
   447 | D:1      | XOM: harmless Summ miscast
   475 | D:1      | XOM: harmless Summ miscast
   651 | D:1      | XOM: harmless Necr miscast
   762 | D:2      | XOM: harmless Summ miscast
   816 | D:2      | Gained mutation: You have sharp fingernails. [demonic
                  | ancestry]
   816 | D:2      | Reached XP level 3. HP: 29/29 MP: 3/3
   852 | D:2      | Noticed Robin
   867 | D:2      | Killed Robin
   915 | D:2      | HP: 1/29 [adder (2)]
   919 | D:2      | Succumbed to an adder's poison

Skill      XL: |  1  2  3 |
---------------+----------+-----
Long Blades    | 3 |  3.5
Dodging        | 1 |  1.1
Armour         | 2 |  2.0
Fighting       | |  3.6
Stealth        | |  0.2

Action                   || total
-------------------------++-------
Melee: Falchion          ||    80
  Use: Scroll            ||     5
 Stab: Paralysed         ||     1
Armor: Leather armour    ||    38
Dodge: Dodged            ||    64
       Rpst.: Falchion   ||    24
